 Dungeon Crawl Stone Soup version 0.29.1-14-g9c671dbff4 (webtiles) character file.

Game seed: 6324055342708648142

37110 adizb the Brawler (level 13, -7/135 HPs)
             Began as a Troll Gladiator on Feb 17, 2023.
             Was a High Priest of Wu Jian.
             Killed from afar by an acid blob (24 damage)
             ... with a splash of acid
             ... on level 5 of the Lair of Beasts.
             The game lasted 01:04:20 (9779 turns).

adizb the Brawler (Troll Gladiator)                 Turns: 9779, Time: 01:04:25

Health: -7/135     AC: 19    Str: 27    XL:     13   Next: 56%
Magic:  12/12      EV:  4    Int:  7    God:    Wu Jian [*****.]
Gold:   2050       SH:  0    Dex: 14    Spells: 12/12 levels left

rFire   x . .      SeeInvis .     - Unarmed
rCold   x . .      Faith    .   (no shield)
rNeg    . . .      Spirit   .   L - +1 gold dragon scales
rPois   +          Reflect  .   E - +0 hat
rElec   .          Harm     .   O - +1 cloak {rPois}
rCorr   .          Rampage  .   (gloves unavailable)
Will    +....      Clarity  +   (boots unavailable)
Stlth   ..........              q - amulet of Elemental Vulnerability {rPois rF-- rC-- AC+8}
HPRegen 1.12/turn               r - ring of willpower
MPRegen 0.13/turn               s - +4 ring of protection

@: corroded
A: large, unfitting armour, claws 3, regeneration 1, shaggy fur 1, tough skin 1,
agile 1, clarity, clever 1, poison resistance
a: Renounce Religion, Wall Jump, Serpent's Lash, Heavenly Storm


You were on level 5 of the Lair of Beasts.
You worshipped Wu Jian.
Wu Jian was extremely pleased with you.
You visited 3 branches of the dungeon, and saw 17 of its levels.
You also visited: Sewer and Bailey.

You collected 2058 gold pieces.
You spent 8 gold pieces at shops.

Inventory:

Missiles
 c - 3 throwing nets
 d - 8 large rocks
 k - 25 boomerangs (quivered)
 o - 40 poisoned darts
 w - 7 curare-tipped darts
Armour
 b - a +0 hat
 y - +0 steam dragon scales
 E - a +0 hat (worn)
 G - a scarf of harm
 L - +1 gold dragon scales (worn)
 M - +2 fire dragon scales
 O - a +1 cloak of poison resistance (worn)
Jewellery
 g - a ring of positive energy
 p - an amulet of guardian spirit
 q - the amulet of Elemental Vulnerability (around neck) {rPois rF-- rC-- AC+8}
   (You found it on level 3 of the Dungeon)

   [amulet of nothing]

   AC:        It affects your AC (+8).
   rF:        It makes you very vulnerable to fire.
   rC:        It makes you very vulnerable to cold.
   rPois:     It protects you from poison.
 r - a ring of willpower (left claw)
 s - a +4 ring of protection (right claw)
 A - a ring of protection from fire
 P - a ring of protection from fire
 R - a ring of flight
 U - a +6 ring of intelligence
Wands
 f - a wand of paralysis (5)
 K - a wand of flame (19)
Scrolls
 a - a scroll of summoning
 m - 3 scrolls of fear
 n - 2 scrolls of silence
 C - 2 scrolls of amnesia
 F - 2 scrolls of blinking
 I - 4 scrolls of magic mapping
 J - 3 scrolls of enchant weapon
 N - 2 scrolls of poison
 Q - 2 scrolls of teleportation
 S - a scroll of torment {unknown}
Potions
 e - 6 potions of heal wounds
 h - 3 potions of haste
 i - 2 potions of resistance
 j - 11 potions of curing
 l - 3 potions of mutation
 t - a potion of lignification
 u - a potion of attraction {unknown}
 v - 3 potions of magic
 x - a potion of invisibility {unknown}
 z - a potion of cancellation {unknown}
 B - a potion of flight {unknown}
 D - a potion of berserk rage
 H - 2 potions of brilliance {unknown}
 T - 2 potions of degeneration {unknown}


   Skills:
 + Level 10.5 Fighting
 - Level 5.0 Throwing
 + Level 10.3 Armour
 - Level 3.7 Dodging
 * Level 15.4 Unarmed Combat


You had 12 spell levels left.
You didn't know any spells.
Your spell library contained the following spells:

 Spells                   Type           Power      Damage    Failure   Level
 Magic Dart               Conj           0%         1d3       100%        1
 Shock                    Conj/Air       0%         1d3       100%        1
 Slow                     Hex            0%         N/A       100%        1
 Call Imp                 Summ           0%         N/A       100%        2
 Call Canine Familiar     Summ           0%         N/A       100%        3
 Confusing Touch          Hex            0%         N/A       100%        3
 Gell's Gravitas          Tloc           0%         N/A       100%        3
 Mephitic Cloud           Conj/Pois/Air  0%         N/A       100%        3
 Portal Projectile        Hex/Tloc       0%         N/A       100%        3
 Swiftness                Air            0%         N/A       100%        3
 Teleport Other           Tloc           0%         N/A       100%        3
 Vampiric Draining        Necr           0%         2d6       100%        3
 Airstrike                Air            0%         2d(0-16)  100%        4
 Cause Fear               Hex            0%         N/A       100%        4
 Corpse Rot               Necr/Pois/Air  0%         N/A       100%        4
 Dispel Undead            Necr           0%         3d6       100%        4
 Leda's Liquefaction      Hex/Erth       0%         N/A       100%        4
 Fireball                 Conj/Fire      0%         3d3       100%        5
 Iskenderun's Battlesphe  Conj           0%         2d6       100%        5
 Conjure Ball Lightning   Conj/Air       0%         3x3d6     100%        6
 Death Channel            Necr           0%         N/A       100%        6
 Dispersal                Tloc           0%         N/A       100%        6
 Dragon Form              Tmut           0%         N/A       100%        7
 Orb of Destruction       Conj           0%         9d5       100%        7
 Discord                  Hex            0%         N/A       100%        8
 Disjunction              Tloc           0%         N/A       100%        8
 Dragon's Call            Summ           0%         N/A       100%        9


Dungeon Overview and Level Annotations

Branches:
Dungeon (11/15)            Temple (1/1) D:7            Lair (5/5) D:11
 Shoals (0/4) Lair:2       Spider (0/4) Lair:3        Slime (0/5) Lair:5
    Orc (0/2) D:9           Sewer (visited)          Bailey (visited)

Altars:
Ashenzari
Cheibriados
Dithmenos
Elyvilon
Fedhas
Gozag
Hepliaklqana
Kikubaaqudgha
Makhleb
Nemelex Xobeh
Okawaru
Qazlal
Ru
Sif Muna
Trog
Uskayaw
Vehumet
Wu Jian
Xom
Yredelemnul
Zin
The Shining One
Jiyva

Shops:
D:3 *   D:7 *

Annotations:
D:10 1 runed translucent door


Innate Abilities, Weirdness & Mutations

You are too large for most types of armour.
You have claws for hands.
Your natural rate of healing is unusually fast.
You are covered in fur. (AC +1)
You have tough skin. (AC +1)
You are agile. (Dex +4, Str/Int -1)
You possess an exceptional clarity of mind.
Your mind is acute. (Int +4, Str/Dex -1)
Your system is resistant to poisons. (rPois)


Message History

The acid corrodes you!
You scratch the acid blob.
Your claws burn!
The acid blob is lightly wounded.
The acid blob hits you!
You are splashed with acid!
The acid blob hits you!!
You are splashed with acid!
You scratch the acid blob.
Your claws burn!
The acid blob is lightly wounded.
The acid blob hits you but does no damage. x2
Aiming: Wall Jump
Press: ? - help, Dir - move target You repeatedly attack the acid blob from above.
You mangle the acid blob!!
Your claws burn!
The acid blob is moderately wounded.
You claw the acid blob! The acid corrodes you!
Your claws burn!
The acid blob is heavily wounded.
You eviscerate the acid blob!!!
Your claws burn!
The acid blob is almost dead.
You repeatedly attack the acid blob from above.
You mangle the acid blob!!
Your claws burn!
The acid blob is moderately wounded.
You mangle the acid blob!!
Your claws burn!
The acid blob is heavily wounded.
You barely miss the acid blob.
The acid blob is heavily wounded.
You repeatedly attack the acid blob from above.
You scratch the acid blob. The acid corrodes you!
Your claws burn!
The acid blob is lightly wounded.
You scratch the acid blob.
Your claws burn!
The acid blob is lightly wounded.
You completely miss the acid blob.
The acid blob is lightly wounded.
The acid blob hits you but does no damage.
The acid blob hits you!!
* * * LOW HITPOINT WARNING * * *
The acid corrodes you!
You are splashed with acid.
* * * LOW HITPOINT WARNING * * *
The acid blob barely misses you. The acid blob spits acid at you.
The splash of acid hits you!!
You die...

#.#...# #####
.##.....# ###.PP
......... #....
.........
#...#####.#.........
##...#...#..#####P..P
#....'_.>#.. ##...
#.JJ#...#.### #...
#.J@#####.#P#####...
##.J°○.......P#......
#....................
#.#...................
###...##....#...####..
#######....#### #..
#.#..## #.. #....##
#.† ## ##....# ## ##.)


You could see 3 acid blobs and a large slime creature.

Vanquished Creatures
  Josephine (Lair:5)
  A hydra (Lair:2)
  A catoblepas (Lair:4)
  The ghost of Jorhuh the Arsonist, a novice MeFE of Vehumet (Lair:1)
  Nergalle (Lair:2)
  Pikel (D:8)
  2 orc knights (Bailey)
  An orc sorcerer (D:9)
  An ugly thing (D:10)
  2 cyclopes (D:11)
  A merfolk siren (Lair:2)
  5 black mambas
  8 cane toads
  21 elephants (Lair:4)
  4 rime drakes
  8 komodo dragons
  A polar bear (Lair:3)
  7 dream sheep (Lair:5)
  5 blink frogs (Lair:4)
  5 wraiths
  30 yaks
  A vampire (D:11)
  3 basilisks
  A wyvern (Lair:5)
  2 vampire mosquitoes (D:10)
  2 steam dragons (D:7)
  A warg (D:9)
  12 water moccasins
  3 sky beasts
  12 orc warriors
  4 ice beasts
  6 black bears
  6 wolves (Lair:1)
  An ogre (D:6)
  5 centaurs
  2 lemures (D:8)
  5 kobold brigands
  A phantom (D:7)
  7 bullfrogs
  A gnoll sergeant (D:9)
  4 scorpions
  13 wights
  9 killer bees
  A howler monkey (D:8)
  3 electric eels
  7 hounds
  6 orc priests
  A gnoll bouda (D:6)
  A jelly (D:7)
  11 orc wizards
  An iguana (D:4)
  Robin (D:1)
  9 adders
  14 gnolls
  5 river rats
  A shadow imp (D:5)
  6 worms
  3 dart slugs
  58 orcs
  13 ball pythons
  5 endoplasms
  6 giant cockroaches
  14 goblins
  11 hobgoblins
  4 jackals (D:2)
  2 quokkas
  5 bats
  2 frilled lizards
  31 kobolds
  28 rats
457 creatures vanquished.

Vanquished Creatures (collateral kills)
  2 orcs (D:6)
2 creatures vanquished.

Vanquished Creatures (others)
  An orc (D:9)
  28 fungi
  8 plants
37 creatures vanquished.

Grand Total: 496 creatures vanquished

Notes
Turn   | Place    | Note
-------+----------+-------------------------------------------
     0 | D:1      | adizb the Troll Gladiator began the quest for the Orb.
     0 | D:1      | Reached XP level 1. HP: 19/19 MP: 0/0
   129 | D:1      | Reached XP level 2. HP: 28/28 MP: 1/1
   642 | D:2      | Noticed Robin
   662 | D:2      | Reached XP level 3. HP: 35/35 MP: 2/2
   669 | D:1      | Killed Robin
   682 | D:1      | Reached skill level 4 in Unarmed Combat
   819 | D:2      | Reached XP level 4. HP: 44/44 MP: 3/3
   874 | D:2      | Found a faded altar of an unknown god.
  1265 | D:3      | Found Veatz's General Store.
  1277 | D:3      | Bought 2 poisoned darts for 8 gold pieces
  1355 | D:3      | Found the amulet of Elemental Vulnerability {rPois rF--
                  | rC-- AC+8}
  1539 | D:3      | Found a glowing silver altar of Zin.
  1548 | D:3      | Found a snail-covered altar of Cheibriados.
  1719 | D:3      | Found an ancient bone altar of Kikubaaqudgha.
  1751 | D:4      | Reached XP level 5. HP: 50/50 MP: 4/4
  1889 | D:4      | You fall into a shaft and drop 2 floors!
  1901 | D:6      | Reached skill level 5 in Unarmed Combat
  1905 | D:6      | Noticed an orc warrior
  1910 | D:6      | Killed an orc warrior
  1911 | D:6      | Reached XP level 6. HP: 38/61 MP: 5/5
  1990 | D:6      | Reached skill level 6 in Unarmed Combat
  2041 | D:6      | Noticed an ice beast
  2052 | D:6      | Killed an ice beast
  2053 | D:6      | Reached XP level 7. HP: 68/68 MP: 6/6
  2065 | D:6      | Reached skill level 7 in Unarmed Combat
  2157 | D:5      | Entered Level 5 of the Dungeon
  2172 | D:5      | Found a sparkling altar of Nemelex Xobeh.
  2252 | D:5      | Found a glowing drain.
  2268 | Sewer    | Entered a sewer
  2309 | Sewer    | Reached skill level 8 in Unarmed Combat
  2411 | Sewer    | Reached XP level 8. HP: 79/79 MP: 7/7
  2677 | D:5      | Reached skill level 5 in Fighting
  2732 | D:5      | Reached skill level 9 in Unarmed Combat
  3149 | D:4      | Identified a scroll of acquirement
  3149 | D:4      | Acquired 1001 gold pieces
  3321 | D:5      | Gained mutation: You are dopey. (Int -2) [potion of
                  | mutation]
  3321 | D:5      | Gained mutation: You are somewhat resistant to further
                  | mutation. [potion of mutation]
  3322 | D:5      | Lost mutation: You are dopey. (Int -2) [potion of mutation]
  3322 | D:5      | Lost mutation: You are somewhat resistant to further
                  | mutation. [potion of mutation]
  3322 | D:5      | Gained mutation: You are frail. (-10% HP) [potion of
                  | mutation]
  3322 | D:5      | Gained mutation: Your mind is acute. (Int +4, Str/Dex -1)
                  | [potion of mutation]
  3322 | D:5      | Gained mutation: You possess an exceptional clarity of
                  | mind. [potion of mutation]
  3322 | D:5      | Gained mutation: You are partially covered in iridescent
                  | scales. (AC +2) [potion of mutation]
  3323 | D:5      | Lost mutation: You are partially covered in iridescent
                  | scales. (AC +2) [potion of mutation]
  3323 | D:5      | Lost mutation: You are frail. (-10% HP) [potion of
                  | mutation]
  3323 | D:5      | Lost mutation: Your mind is acute. (Int +4, Str/Dex -1)
                  | [potion of mutation]
  3323 | D:5      | Gained mutation: Your mind is acute. (Int +4, Str/Dex -1)
                  | [potion of mutation]
  3323 | D:5      | Gained mutation: You are agile. (Dex +4, Str/Int -1)
                  | [potion of mutation]
  3323 | D:5      | Gained mutation: Your system is resistant to poisons.
                  | (rPois) [potion of mutation]
  3474 | D:5      | Found a hazy altar of Hepliaklqana.
  3761 | D:6      | Reached XP level 9. HP: 65/89 MP: 8/8
  3819 | D:6      | Reached skill level 10 in Unarmed Combat
  4074 | D:7      | Found Suamor's Overcharged Wands.
  4253 | D:7      | Found a staircase to the Ecumenical Temple.
  4269 | Temple   | Entered the Ecumenical Temple
  4439 | Temple   | Became a worshipper of the Wu Jian Council
  4581 | D:7      | Reached skill level 11 in Unarmed Combat
  4663 | D:8      | Noticed Pikel
  4681 | D:8      | Killed Pikel
  4780 | D:8      | Reached XP level 10. HP: 89/100 MP: 9/9
  4791 | D:8      | Reached skill level 5 in Throwing
  5100 | D:8      | Reached skill level 12 in Unarmed Combat
  5253 | D:8      | Reached * piety under Wu Jian
  5456 | D:8      | Reached skill level 1 in Armour
  5563 | D:9      | Found a flagged portal.
  5624 | D:9      | Reached ** piety under Wu Jian
  5657 | D:9      | Found a hide-covered altar of Uskayaw.
  5684 | Bailey   | Entered a bailey
  5767 | Bailey   | Noticed an orc knight
  5767 | Bailey   | Noticed an orc knight
  5864 | Bailey   | Killed an orc knight
  5866 | Bailey   | Killed an orc knight
  5991 | D:9      | Reached XP level 11. HP: 110/110 MP: 10/10
  6072 | D:9      | Reached skill level 13 in Unarmed Combat
  6083 | D:9      | Found a staircase to the Orcish Mines.
  6116 | D:9      | Reached *** piety under Wu Jian
  6456 | D:9      | Noticed an orc sorcerer
  6481 | D:9      | Killed an orc sorcerer
  6663 | D:10     | Entered Level 10 of the Dungeon
  6811 | D:10     | Found a runed translucent door.
  6818 | D:10     | Noticed an orc knight
  7095 | D:10     | Found a burning altar of Makhleb.
  7095 | D:10     | Found an opulent altar of Gozag.
  7096 | D:10     | Found a glowing golden altar of the Shining One.
  7153 | D:10     | Noticed a cyan ugly thing
  7164 | D:10     | Killed a cyan ugly thing
  7246 | D:10     | Reached **** piety under Wu Jian
  7396 | D:11     | Reached skill level 5 in Armour
  7525 | D:11     | Found a staircase to the Lair.
  7565 | Lair:1   | Entered Level 1 of the Lair of Beasts
  7600 | Lair:1   | Found a large runed translucent door.
  7600 | Lair:1   | Found a large runed translucent door.
  7606 | Lair:1   | Noticed Jorhuh's ghost (novice MeFE)
  7622 | Lair:1   | Killed Jorhuh's ghost
  8121 | Lair:2   | Noticed Nergalle
  8130 | Lair:2   | Killed Nergalle
  8217 | Lair:2   | Reached XP level 12. HP: 122/122 MP: 11/11
  8521 | Lair:2   | Noticed a five-headed hydra
  8532 | Lair:2   | Killed an eight-headed hydra
  8533 | Lair:2   | Reached skill level 14 in Unarmed Combat
  8610 | Lair:2   | Found a staircase to the Shoals.
  8671 | Lair:3   | Found a hole to the Spider Nest.
  8776 | Lair:3   | Reached ***** piety under Wu Jian
  9124 | Lair:4   | Reached XP level 13. HP: 102/133 MP: 12/12
  9203 | Lair:4   | Reached skill level 10 in Fighting
  9439 | Lair:4   | Reached skill level 15 in Unarmed Combat
  9443 | Lair:4   | Reached skill level 10 in Armour
  9599 | Lair:5   | Entered Level 5 of the Lair of Beasts
  9617 | Lair:5   | Noticed Josephine
  9629 | Lair:5   | Killed Josephine
  9765 | Lair:5   | Found a runed translucent door.
  9770 | Lair:5   | Found a viscous altar of Jiyva.
  9770 | Lair:5   | Noticed an acid blob
  9771 | Lair:5   | Found a staircase to the Slime Pits.
  9771 | Lair:5   | Noticed an acid blob
  9771 | Lair:5   | Noticed an acid blob
  9779 | Lair:5   | Killed from afar by an acid blob

Illustrated notes

Levels and vault maps discovered:
D:1:      lemuel_arrival_funnel, layout_loops_ring
D:2:      layout_rooms, shapermc_ecumenical_altar_notcrosses, serial_rivers,
          chequers_serial_rivers_room_b, chequers_serial_rivers_micro_c,
          chequers_serial_rivers_micro_c, chequers_serial_rivers_large_a,
          chequers_serial_rivers_room_b, chequers_serial_rivers_small_a,
          uniq_robin
D:3:      layout_loops_ring, lemuel_coloured_pillars_altar,
          jmf_multi_god_temple, serial_shops, nicolae_lakefront_shop,
          serial_bayou_pond_c
D:4:      layout_basic, serial_aquarium, aquarium_bridge_square
          [aquarium_subvault_wall, aquarium_subvault_window,
          aquarium_subvault_bridge, aquarium_subvault_window],
          aquarium_bridge_long_joined [aquarium_subvault_bridge,
          aquarium_subvault_wall, aquarium_subvault_wall,
          aquarium_subvault_wall, aquarium_subvault_balcony,
          aquarium_subvault_window], aquarium_window_fake, aquarium_window_fake,
          aquarium_view_2c, aquarium_balcony_double_3
D:5:      layout_loops_corners, nzn_hepliaklqana_mist_gate,
          nemelex_spade_bored_becter, portal_sewer_entry_b,
          dreamdust_wishing_well
D:6:      layout_gridville
D:7:      layout_cave_pools, temple_fountains, nicolae_shop_overcharged_wands
D:8:      layout_gridville, minmay_puff, uniq_pikel
D:9:      cheibrodos_wizards_tower, layout_layer_cave,
          nicolae_uskayaw_dance_hall, david_orc_1_choice, enter_bailey_1,
          kennysheep_decorative_pillar
D:10:     layout_loops_ring, grunt_temple_overflow_open, nicolae_eternal_life,
          minmay_st_funbox
D:11:     minmay_the_grid_triangle_9x9_rhombus_full
          [minmay_the_grid_triangle_9x9_impossible_snake,
          minmay_the_grid_triangle_9x9_longest,
          minmay_the_grid_triangle_9x9_wacky_v,
          minmay_the_grid_triangle_9x9_limited_checkers,
          minmay_the_grid_triangle_9x9_shrine,
          minmay_the_grid_triangle_9x9_from_above,
          minmay_the_grid_triangle_9x9_flanged_cone,
          minmay_the_grid_triangle_9x9_prize_special], layout_basic,
          lair_entry_dummy
Temple:   oiseaux_autumnal_temple
Lair:1:   layout_roguey, ebering_ghost_disaster_area, grunt_megastairs_2
Lair:2:   layout_regular_city, minmay_shoals_entry_lonely_mermaid,
          chequers_serial_rivers_micro_b, beast_lair_carwin_11, uniq_nergalle
Lair:3:   layout_hall_layers, nicolae_spider_entry_non_spiders
Lair:4:   layout_regular_city, grunt_megastairs_5, infiniplex_staircase_pool,
          serial_bayou_shore_b
Lair:5:   minmay_lair_end_enchanted_forest, layout_small_grid, slime_entry_2,
          uniq_josephine

Skill      XL: |  1  2  3  4  5  6  7  8  9 10 11 12 13 |
---------------+----------------------------------------+-----
Throwing       | 2 4 5 |  5.0
Fighting       | 2 3 4 5 6 7 8 9 10 | 10.5
Unarmed Combat | 4 5 6 8 9 11 12 13 14 15 | 15.4
Armour         | 2 6 9 10 | 10.3
Dodging        | 3 |  3.7

Action                   |  1- 3 |  4- 6 |  7- 9 | 10-12 | 13-15 || total
-------------------------+-------+-------+-------+-------+-------++-------
Melee: Unarmed           |    84 |    86 |   350 |   629 |   161 ||  1310
       Punch             |     3 |     1 |    19 |    46 |    15 ||    84
Throw: Stone             |     7 |       |       |       |       ||     7
       Boomerang         |       |     9 |       |    22 |     3 ||    34
       Dart              |       |     2 |       |     6 |       ||     8
Invok: Lunge             |       |       |     2 |    50 |     6 ||    58
       Serpent's Lash    |       |       |       |     2 |       ||     2
       Whirlwind         |       |       |       |    13 |    13 ||    26
 Abil: Wall Jump         |       |       |       |     5 |    12 ||    17
  Use: Scroll            |       |     6 |     7 |     8 |     2 ||    23
       Potion            |       |       |     3 |       |       ||     3
 Stab: Sleeping          |       |     2 |       |       |       ||     2
Armor: Robe              |    27 |    28 |   192 |       |       ||   247
       Steam dragon scal |       |       |     8 |   103 |       ||   111
       Gold dragon scale |       |       |       |   328 |   122 ||   450
Dodge: Dodged            |    41 |    22 |   169 |   174 |    26 ||   432
